 Dungeon Crawl Stone Soup version 0.29.1-1-gd02db6906a (webtiles) character file.

Game seed: 18005393000067857324

37 gzilladon the Chopper (level 3, -2/33 HPs)
             Began as a Hill Orc Monk on Sept 26, 2022.
             Splashed by a jelly's acid (3 damage)
             ... on level 3 of the Dungeon.
             The game lasted 00:02:18 (876 turns).

gzilladon the Chopper (Hill Orc Monk)                Turns: 876, Time: 00:02:18

Health: -2/33      AC:  4    Str: 15    XL:     3   Next: 39%
Magic:  3/3        EV: 11    Int: 10    God:
Gold:   10         SH:  0    Dex: 13    Spells: 2/2 levels left

rFire   . . .      SeeInvis .   a - +0 hand axe
rCold   . . .      Faith    .   (no shield)
rNeg    . . .      Spirit   .   j - +0 ring mail
rPois   .          Reflect  .   i - +2 helmet
rElec   .          Harm     .   (no cloak)
rCorr   .          Rampage  .   (no gloves)
Will    .....                   (no boots)
Stlth   +.........              (no amulet)
HPRegen 0.11/turn               (no ring)
MPRegen 0.08/turn               (no ring)

@: corroded
A: no striking features
a: no special abilities


You were on level 3 of the Dungeon.
You visited 1 branch of the dungeon, and saw 3 of its levels.

You collected 10 gold pieces.

Inventory:

Hand Weapons
 a - a +0 hand axe (weapon)
Missiles
 g - 3 poisoned darts (quivered)
Armour
 b - a +0 robe
 h - a +0 animal skin
 i - a +2 helmet (worn)
 j - a +0 ring mail (worn)
Scrolls
 d - a scroll of teleportation {unknown}
 e - a scroll of noise {unknown}
 f - a scroll of butterflies {unknown}
Potions
 c - a potion of heal wounds {unknown}


   Skills:
 + Level 4.3 Fighting
 + Level 4.5 Axes
 + Level 2.9 Dodging
 + Level 1.6 Stealth


You had 2 spell levels left.
You didn't know any spells.
Your spell library was empty.

Dungeon Overview and Level Annotations

Branches:
Dungeon (3/15)

Altars:


Message History

Found a sling.
There is a stone staircase leading up here.
An orc comes into view. It is wielding a +0 hand axe.
The orc shouts!
The orc attacks as you move away! The orc hits you with a +0 dagger.
There is a stone staircase leading up here.
The orc attacks as you move away! The orc hits you with a +0 dagger.
The orc attacks as you move away! The orc hits you but does no damage.
The orc hits you with a +0 dagger. The orc attacks as you move away!
The orc misses you. The orc hits you but does no damage.
A jelly, an orc wizard and an endoplasm come into view.
The jelly quivers.
The orc wizard points at you and mumbles some strange words.
The puff of flame hits you but does no damage.
The orc attacks as you move away! The orc hits you but does no damage.
The endoplasm quivers.
The orc wizard gestures wildly while chanting.
The orc wizard flickers and vanishes!
Deactivating autopickup; reactivate with Ctrl-A.
An orc comes into view. It is wielding a +0 short sword.
The orc attacks as you move away! The orc barely misses you.
The jelly hits you but does no damage. The orc attacks as you move away!
The orc barely misses you.
You hit the endoplasm.
The endoplasm is lightly wounded.
You hit the jelly.
Your hands burn!
The endoplasm misses you. The jelly hits you. The acid corrodes you!
You are splashed with acid!
You hit the endoplasm but do no damage.
The endoplasm is lightly wounded.
You hit the jelly.
Your hands burn!
The jelly hits you.
You are splashed with acid!
* * * LOW HITPOINT WARNING * * *
The endoplasm freezes you.
You are frozen.
* * * LOW HITPOINT WARNING * * *
You hit the endoplasm but do no damage.
The endoplasm is lightly wounded.
You hit the jelly.
Your hands burn!
You die...

# #. .###.#
#####....#
#####..@J...#
#......J#..##.#
#.###.#o#.....#
#<#{o######
#w#w.......
#.#o######.
#.###.#.#
#.......#
#####.###


You could see a worm, a jelly, 3 orcs and an endoplasm.

Vanquished Creatures
  Robin (D:2)
  An adder (D:2)
  8 goblins (D:2)
  A hobgoblin (D:2)
  A quokka (D:2)
  A ball python (D:2)
  A bat (D:1)
  A rat (D:1)
15 creatures vanquished.

Vanquished Creatures (others)
  33 plants (D:2)
33 creatures vanquished.

Grand Total: 48 creatures vanquished

Notes
Turn   | Place    | Note
-------+----------+-------------------------------------------
     0 | D:1      | gzilladon the Hill Orc Monk began the quest for the Orb.
     0 | D:1      | Reached XP level 1. HP: 19/19 MP: 1/1
   181 | D:2      | Reached XP level 2. HP: 9/27 MP: 2/2
   577 | D:2      | Noticed Robin
   601 | D:2      | Killed Robin
   602 | D:2      | Reached XP level 3. HP: 20/33 MP: 3/3
   875 | D:3      | HP: 1/33 [frozen (1)]
   876 | D:3      | Splashed by a jelly's acid

Illustrated notes

Levels and vault maps discovered:
D:1:      matt_arrival_refuge, layout_basic, shapermc_ecumenical_altar_pompeii,
          minmay_vboxes
D:2:      layout_loops_ring, serial_bayou_lagoon_a, uniq_robin
D:3:      layout_loops_corners, minmay_cut_off, uniq_terence

Skill      XL: |  1 |
---------------+----+-----
Fighting       | 4 |  4.3
Axes           | |  4.5
Dodging        | |  2.9
Stealth        | |  1.6

Action                   || total
-------------------------++-------
Melee: Hand axe          ||    55
  Use: Potion            ||     1
Armor: Robe              ||    16
       Ring mail         ||     5
Dodge: Dodged            ||    50
